AoeStats
← Comend x comend

Nomad

508802629Analyzed
3v3 RM · 7d ago on Sep 24, 2026· 44m 10s· 6 players
Game mode
Random Map
Map size
210×210
Population
200
Speed
Normal
Resources
Standard
Victory
Conquest
Starting age
Dark Age
Ending age
Imperial Age
RankedLock teamsTeams togetherTeam positionsShared explorationLock speedFull tech treeHidden civsTurbo modeCheats
Victory
Defeat
🇦🇷 Bengalis · Argentina
1559
+6
🇨🇦 Slavs · Canada
1482
+8
🇨🇦 Berbers · Canada
1461
+9
🇵🇪 Portuguese · Peru
1333
-9
🇨🇱 Italians · Chile
1305
-8
🇭🇰 Britons · Hong Kong SAR China
1237
-6
Tio Iroh.
13:30 Feudal Age
12:52 Loom
17:27 Castle Age
15:22 Double-Bit Axe
16:22 Stone Mining
16:25 Horse Collar
16:57 Gold Mining
18:22 Bow Saw
21:45 Fletching
23:01 Bodkin Arrow
30:51 Wheelbarrow
31:14 Ballistics
32:59 Stone Shaft Mining
36:37 Imperial Age
35:12 Hand Cart
35:15 Padded Archer Armor
35:30 Masonry
35:48 Thumb Ring
36:39 Leather Archer Armor
37:18 Bracer
37:46 Conscription
39:07 Town Watch
39:06 Elite Genoese Crossbowman
42:25 Chemistry
43:08 Architecture
42:43 Treadmill Crane
Comend x comend
9:46 Loom
14:05 Feudal Age
17:44 Castle Age
15:56 Double-Bit Axe
18:56 Horse Collar
21:24 Gold Mining
22:43 Bow Saw
22:35 Heavy Plow
22:51 Stone Mining
27:05 Stone Shaft Mining
32:06 Imperial Age
33:47 Chemistry
39:08 Arquebus
41:27 Conscription
empty
3:52 Loom
16:49 Feudal Age
24:15 Castle Age
24:05 Double-Bit Axe
PickledCabbage
10:25 Loom
10:29 Loom
13:43 Feudal Age
14:57 Double-Bit Axe
15:05 Fishing Lines
20:19 Castle Age
18:57 Gold Mining
19:39 Forging
20:07 Stone Mining
21:28 Medium Warships
23:01 Horse Collar
24:43 Fletching
24:57 Town Watch
26:16 Gillnets
26:57 Bow Saw
27:22 Bodkin Arrow
28:07 Ballistics
29:34 Wheelbarrow
29:55 Scale Barding Armor
30:26 Iron Casting
30:26 Heavy Plow
31:31 Gold Shaft Mining
32:15 Chain Barding Armor
32:51 Bloodlines
33:36 Careening
33:38 Clinker Construction
33:36 Husbandry
33:03 Man-at-Arms
34:31 Masonry
37:54 Imperial Age
37:49 Hand Cart
37:35 Town Patrol
39:02 Conscription
38:51 Detinets
38:17 Cavalier
40:17 Plate Barding Armor
40:43 Blast Furnace
40:34 Hoardings
40:02 Druzhina
40:25 Light Cavalry
41:49 Scale Mail Armor
41:34 Sappers
42:12 Man-at-Arms
43:11 Long Swordsman
43:57 Squires
44:10 Two-Handed Swordsman
Chipmunk
4:45 Loom
14:51 Feudal Age
15:28 Town Watch
18:37 Castle Age
16:41 Fishing Lines
17:07 Double-Bit Axe
17:31 Gold Mining
18:40 Fletching
19:38 Bow Saw
19:26 Gillnets
19:56 Bodkin Arrow
20:23 Padded Archer Armor
21:50 Leather Archer Armor
23:08 Wheelbarrow
25:23 Ballistics
25:41 Paiks
27:13 Hand Cart
27:29 Forging
32:18 Imperial Age
31:13 Bloodlines
31:04 Husbandry
32:01 Masonry
31:47 Murder Holes
31:52 Horse Collar
32:26 Town Patrol
33:29 Conscription
33:24 Bracer
34:39 Chemistry
34:13 Ring Archer Armor
34:48 Architecture
34:26 Siege Engineers
35:34 Architecture
36:29 Elite Elephant Archer
38:12 Guilds
39:49 Herbal Medicine
41:06 Heavy Plow
40:48 Elite Skirmisher
Cyvarios
4:57 Loom
13:45 Feudal Age
19:25 Castle Age
19:21 Scale Barding Armor
19:45 Forging
20:09 Bloodlines
21:14 Chain Barding Armor
20:46 Horse Collar
22:24 Town Watch
25:31 Husbandry
27:37 Fishing Lines
27:59 Double-Bit Axe
30:23 Stone Mining
31:10 Fletching
35:06 Wheelbarrow
34:46 Bow Saw
36:10 Heavy Plow
40:16 Imperial Age
38:01 Bodkin Arrow
39:01 Kasbah
39:03 Padded Archer Armor
40:15 Leather Archer Armor
40:30 Ballistics
40:31 Gold Mining
41:18 Conscription
41:01 Bracer
42:03 Chemistry
41:27 Ballistics
43:20 Chemistry
42:52 Ring Archer Armor
43:37 Gold Shaft Mining
43:59 Stone Shaft Mining
43:42 Hand Cart
43:30 Gillnets
43:45 Elite Camel Archer
Connection lost

Rejoining the realm…

Still unreachable

The connection could not be restored.

Session expired

The server has moved on; the page needs a fresh start.